Texas Stars vs Rochester Americans

Created - 26 janvier 2018 at 17:13

Goals
1 2 3 OT1 T
Texas Stars 1 1 0 1 3
Rochester Americans 0 2 0 0 2
Shots
1 2 3 OT1 T
Texas Stars 16 8 11 2 37
Rochester Americans 14 15 8 0 37

1st period

1. Texas Stars , Phil Varone 22 (Jiri Hudler 27) at 18:55

Penalties :
No Penalty

2nd period

2. Rochester Americans , Brett Lernout 4 (Luke Kunin 7, Anton Blidh 7) at 3:24
3. Rochester Americans , Tyler Bertuzzi 13 (Seth Griffith 34, Michael Chaput 21) at 4:39 (PP)
4. Texas Stars , Michael Bournival 21 (Michael Dal Colle 18) at 14:21

Penalties :
Luke Witkowski (STA) for High sticking (Minor) at 4:09, Brett Lernout (AMR) for Tripping (Minor) at 5:29

3rd period

No Goal

Penalties :
Mike Sislo (STA) for Hooking (Minor) at 9:48, Keaton Thompson (AMR) for Slashing (Minor) at 16:34

Overtime #1

5. Texas Stars , Jiri Hudler 24 (Adam Pelech 9) at 0:49

Penalties :
No Penalty

Goalie Stats

Malcolm Subban (STA), 35 saves from 37 shots - (0,946), W, 19-17-4, 60:49 minutes
David Rittich (AMR), 34 saves from 37 shots - (0,919), OTL, 24-14-4, 60:49 minutes

Players Stats for Texas Stars

Player Name              G  A  P  +/- PIM S  H  SB GA TA FO     MP     PP MP  PK MP  
------------------------------------------------------------------------------------
Adam Pelech              0  1  1   1  0   0  2  3  0  1  0/0    27:59   2:17   1:47 
Alex Schoenborn          0  0  0   0  0   0  2  0  0  1  0/0     5:56   0:00   0:00 
Brad Hunt                0  0  0   1  0   4  1  1  2  0  0/0    27:59   2:17   1:47 
Brooks Laich             0  0  0   0  0   4  2  2  0  1  3/10   20:02   1:54   0:41 
Damir Sharipzianov       0  0  0   1  0   2  2  1  0  0  0/0    13:22   0:00   0:00 
Danick Martel            0  0  0   0  0   1  0  0  0  1  2/2     5:56   0:00   0:00 
Garnet Hathaway          0  0  0   0  0   3  1  0  1  0  3/11   14:06   0:00   0:15 
Jacob Graves             0  0  0   1  0   0  0  0  0  0  0/0    13:22   0:00   0:00 
Jiri Hudler              1  1  2   2  0   8  0  1  2  1  15/31  25:04   2:04   1:20 
Joseph Cramarossa        0  0  0   0  0   6  0  0  0  0  0/0    14:30   0:00   0:42 
Luke Johnson             0  0  0   0  0   0  0  1  0  0  0/1     2:31   0:00   0:36 
Luke Witkowski           0  0  0   0  2   0  1  0  0  0  0/0    19:27   1:41   0:42 
Michael Bournival        1  0  1   0  0   4  2  0  0  0  0/0    19:27   1:54   0:00 
Michael Dal Colle        0  1  1   0  0   0  0  1  1  1  0/1    19:13   1:54   0:00 
Mike Sislo               0  0  0   1  2   1  4  0  1  0  1/4    18:33   2:04   0:00 
Phil Varone              1  0  1   2  0   4  1  1  1  0  1/2    20:29   2:04   1:24 
Ryan Murphy              0  0  0   0  0   0  3  0  1  0  0/0    19:28   1:41   0:42 
Tobias Lindberg          0  0  0   0  0   0  2  0  0  1  0/0    13:21   0:00   0:00 

Players Stats for Rochester Americans

Player Name              G  A  P  +/- PIM S  H  SB GA TA FO     MP     PP MP  PK MP  
------------------------------------------------------------------------------------
Adam Tambellini          0  0  0   0  0   1  0  0  0  0  2/2     6:35   0:00   0:23 
Alex Broadhurst          0  0  0  -1  0   0  0  0  0  0  0/0     1:21   0:00   0:00 
Andreas Martinsen        0  0  0  -1  0   3  2  0  0  0  0/0    18:52   1:02   1:44 
Anton Blidh              0  1  1   0  0   1  0  1  1  0  0/0    14:31   0:00   0:00 
Austin Carroll           0  0  0   0  0   1  1  2  0  0  0/0    14:31   0:00   0:00 
Brett Lernout            1  0  1  -1  2   2  3  1  1  0  0/0    26:52   1:03   1:03 
Brock McGinn             0  0  0  -1  0   5  4  1  2  0  3/6    24:45   1:02   2:12 
Dominik Masin            0  0  0   0  0   0  0  1  0  0  0/0    12:58   0:00   0:00 
Keaton Thompson          0  0  0   0  2   0  1  2  0  0  0/0    14:16   0:00   1:03 
Luke Kunin               0  1  1   0  0   4  0  0  0  0  5/12   14:57   0:00   0:00 
Markus Nutivaara         0  0  0  -1  0   0  0  0  0  2  0/0    19:49   1:26   1:52 
Michael Chaput           0  1  1   0  0   3  1  0  0  0  9/15   19:25   1:27   1:23 
Peter Holland            0  0  0  -2  0   5  3  1  1  0  18/27  20:11   1:02   2:14 
Philip Samuelsson        0  0  0  -1  0   1  2  4  1  2  0/0    19:38   1:26   1:41 
Seth Griffith            0  1  1   0  0   2  3  0  1  0  0/0    18:30   1:27   0:00 
Steven Kampfer           0  0  0  -1  0   2  3  0  0  5  0/0    28:13   1:03   2:17 
Tim Bozon                0  0  0   0  0   0  0  0  0  0  0/0     5:31   0:00   0:00 
Tyler Bertuzzi           1  0  1   0  0   7  2  0  0  0  0/0    18:21   1:27   0:00 

3 Stars

1 - Jiri Hudler (STA)
2 - Malcolm Subban (STA)
3 - Phil Varone (STA)

Power Play

Texas Stars - 0 on 2 Attempt(s) - 0,00%
Rochester Americans - 1 on 2 Attempt(s) - 50,00%

Penalty Kill

Texas Stars - 1 on 2 Attempt(s) - 50,00% - Score 0 goal in Penalty Kill
Rochester Americans - 2 on 2 Attempt(s) - 100,00% - Score 0 goal in Penalty Kill

Team Stat

Texas Stars - Hits : 23 - Faceoff Wins : 25 - Blocked Shots : 11 - Penalty Minutes : 4
Rochester Americans - Hits : 25 - Faceoff Wins : 37 - Blocked Shots : 13 - Penalty Minutes : 4

Official

Referees : Garrett Rank and Wes McCauley
Linesman : Brad Lazarowich and Brad Kovachik

Game Notes

No Game Note

Finance

Level 1 -- Attendance: 1460 (73,00%) -- Ticket Income 51 100 $
Level 2 -- Attendance: 720 (72,00%) -- Ticket Income 10 800 $
Total Attendance: 2180 (72,67%)
Total Ticket Income: 61 900 $
Other Income: 30 331 $
Total Income: 92 231 $

Texas Stars

5 vs 5 Forward 
   Center                   Left Wing                Right Wing               Time % Phy DF OF 
 1 Jiri Hudler              Phil Varone              Mike Sislo               40     1   2  2  
 2 Brooks Laich             Michael Dal Colle        Michael Bournival        30     1   2  2  
 3 Garnet Hathaway          Joseph Cramarossa        Tobias Lindberg          20     1   2  2  
 4 Danick Martel            Jiri Hudler              Alex Schoenborn          10     1   2  2  

5 vs 5 Defense 
   Defense                  Defense                                           Time % Phy DF OF 
 1 Adam Pelech              Brad Hunt                                         40     1   2  2  
 2 Luke Witkowski           Ryan Murphy                                       30     1   2  2  
 3 Jacob Graves             Damir Sharipzianov                                20     1   2  2  
 4 Adam Pelech              Brad Hunt                                         10     1   2  2  

PowerPlay Forward 
   Center                   Left Wing                Right Wing               Time % Phy DF OF 
 1 Jiri Hudler              Phil Varone              Mike Sislo               60     1   2  2  
 2 Brooks Laich             Michael Dal Colle        Michael Bournival        40     1   2  2  

PowerPlay Defense
   Defense                  Defense                                           Time % Phy DF OF 
 1 Adam Pelech              Brad Hunt                                         60     1   2  2  
 2 Luke Witkowski           Ryan Murphy                                       40     1   2  2  

Penalty Kill 4 Players Forward 
   Center                   Wing                     Time % Phy DF OF 
 1 Jiri Hudler              Phil Varone              60     1   2  2  
 2 Mike Sislo               Brooks Laich             40     1   2  2  

Penalty Kill 4 Players Defense
   Defense                  Defense                  Time % Phy DF OF 
 1 Adam Pelech              Brad Hunt                60     1   2  2  
 2 Luke Witkowski           Ryan Murphy              40     1   2  2  

Penalty Kill - 3 Players Forward 
   Forward                                           Time % Phy DF OF 
 1 Jiri Hudler                                       60     1   2  2  
 2 Phil Varone                                       40     1   2  2  

Penalty Kill - 3 Players Defense
   Defense                  Defense                  Time % Phy DF OF 
 1 Adam Pelech              Brad Hunt                60     1   2  2  
 2 Luke Witkowski           Ryan Murphy              40     1   2  2  

4 vs 4 Forward 
   Center                   Wing                     Time % Phy DF OF 
 1 Jiri Hudler              Phil Varone              60     1   2  2  
 2 Mike Sislo               Brooks Laich             40     1   2  2  

4 vs 4 Defense
   Defense                  Defense                  Time % Phy DF OF 
 1 Adam Pelech              Brad Hunt                60     1   2  2  
 2 Luke Witkowski           Ryan Murphy              40     1   2  2  

Last Minutes Offensive
   Center                   Left Wing                Right Wing               Defense                  Defense                  
   Jiri Hudler              Phil Varone              Mike Sislo               Adam Pelech              Brad Hunt                

Last Minutes Defensive
   Center                   Left Wing                Right Wing               Defense                  Defense                  
   Jiri Hudler              Phil Varone              Mike Sislo               Adam Pelech              Brad Hunt                

Goaltenders
Starting : Malcolm Subban           
Backup : Richard Bachman          

Extra Forwards
Normal : Luke Johnson, Garnet Hathaway, Joseph Cramarossa - PP : Luke Johnson, Garnet Hathaway - PK : Joseph Cramarossa
Extra Defensemen
Normal : Jacob Graves, Damir Sharipzianov, Luke Witkowski - PP : Jacob Graves - PK : Damir Sharipzianov, Luke Witkowski
Penalty Shots
Jiri Hudler, Phil Varone, Mike Sislo, Brooks Laich, Michael Dal Colle

Scratches
Colin Blackwell (Healthy), Craig Cunningham (Dislocated Patella Injury), Dustin Tokarski (Healthy)

Rochester Americans

5 vs 5 Forward 
   Center                   Left Wing                Right Wing               Time % Phy DF OF 
 1 Peter Holland            Brock McGinn             Andreas Martinsen        40     1   2  2  
 2 Michael Chaput           Tyler Bertuzzi           Seth Griffith            30     1   2  2  
 3 Luke Kunin               Anton Blidh              Austin Carroll           20     1   2  2  
 4 Adam Tambellini          Tim Bozon                Brock McGinn             10     1   2  2  

5 vs 5 Defense 
   Defense                  Defense                                           Time % Phy DF OF 
 1 Steven Kampfer           Brett Lernout                                     40     1   2  2  
 2 Markus Nutivaara         Philip Samuelsson                                 30     1   2  2  
 3 Dominik Masin            Keaton Thompson                                   20     1   2  2  
 4 Steven Kampfer           Brett Lernout                                     10     1   2  2  

PowerPlay Forward 
   Center                   Left Wing                Right Wing               Time % Phy DF OF 
 1 Peter Holland            Brock McGinn             Andreas Martinsen        60     1   2  2  
 2 Michael Chaput           Tyler Bertuzzi           Seth Griffith            40     1   2  2  

PowerPlay Defense
   Defense                  Defense                                           Time % Phy DF OF 
 1 Steven Kampfer           Brett Lernout                                     60     1   2  2  
 2 Markus Nutivaara         Philip Samuelsson                                 40     1   2  2  

Penalty Kill 4 Players Forward 
   Center                   Wing                     Time % Phy DF OF 
 1 Brock McGinn             Peter Holland            60     1   2  2  
 2 Michael Chaput           Andreas Martinsen        40     1   2  2  

Penalty Kill 4 Players Defense
   Defense                  Defense                  Time % Phy DF OF 
 1 Steven Kampfer           Brett Lernout            60     1   2  2  
 2 Markus Nutivaara         Philip Samuelsson        40     1   2  2  

Penalty Kill - 3 Players Forward 
   Forward                                           Time % Phy DF OF 
 1 Brock McGinn                                      60     1   2  2  
 2 Peter Holland                                     40     1   2  2  

Penalty Kill - 3 Players Defense
   Defense                  Defense                  Time % Phy DF OF 
 1 Steven Kampfer           Brett Lernout            60     1   2  2  
 2 Markus Nutivaara         Philip Samuelsson        40     1   2  2  

4 vs 4 Forward 
   Center                   Wing                     Time % Phy DF OF 
 1 Brock McGinn             Peter Holland            60     1   2  2  
 2 Michael Chaput           Andreas Martinsen        40     1   2  2  

4 vs 4 Defense
   Defense                  Defense                  Time % Phy DF OF 
 1 Steven Kampfer           Brett Lernout            60     1   2  2  
 2 Markus Nutivaara         Philip Samuelsson        40     1   2  2  

Last Minutes Offensive
   Center                   Left Wing                Right Wing               Defense                  Defense                  
   Peter Holland            Brock McGinn             Andreas Martinsen        Steven Kampfer           Brett Lernout            

Last Minutes Defensive
   Center                   Left Wing                Right Wing               Defense                  Defense                  
   Peter Holland            Brock McGinn             Andreas Martinsen        Steven Kampfer           Brett Lernout            

Goaltenders
Starting : David Rittich            
Backup : Andrew Hammond           

Extra Forwards
Normal : Alex Broadhurst, Luke Kunin, Adam Tambellini - PP : Alex Broadhurst, Luke Kunin - PK : Adam Tambellini
Extra Defensemen
Normal : Dominik Masin, Keaton Thompson, Markus Nutivaara - PP : Dominik Masin - PK : Keaton Thompson, Markus Nutivaara
Penalty Shots
Brock McGinn, Peter Holland, Michael Chaput, Andreas Martinsen, Tyler Bertuzzi

Scratches
Sam Jardine (Healthy), Jarred Tinordi (Healthy), Joe Morrow (Back Surgery Injury), Linus Arnesson (Healthy), Mason Geertsen (Healthy)

% Time on Ice - Texas Stars

Lines # - Real PCT - Wanted PCT - Time Play
Normal Forward
1 - 31% - 40% - 16:39
2 - 33% - 30% - 17:37
3 - 25% - 20% - 13:21
4 - 11% - 10% - 5:56
Normal Defense
1 - 37% - 40% - 19:44
2 - 32% - 30% - 17:05
3 - 25% - 20% - 13:22
4 - 6% - 10% - 3:22
PP Forward
1 - 52% - 60% - 2:04
2 - 48% - 40% - 1:54
PP Defense
1 - 58% - 60% - 2:17
2 - 42% - 40% - 1:41
PK Forward
1 - 72% - 60% - 1:48
2 - 28% - 40% - 0:41
PK Defense
1 - 72% - 60% - 1:47
2 - 28% - 40% - 0:42
PK3 Forward
1 - 0% - 60%
2 - 0% - 40%
PK3 Defense
1 - 0% - 60%
2 - 0% - 40%
44 Forward
1 - 100% - 60% - 0:49
2 - 0% - 40% - 0:00
44 Defense
1 - 100% - 60% - 0:49
2 - 0% - 40% - 0:00
Last Minute Offensive  - 0:00
Last Minute Defensive  - 0:00
Total
Forward - 60:49
Defense - 60:49

% Time on Ice - Rochester Americans

Lines # - Real PCT - Wanted PCT - Time Play
Normal Forward
1 - 31% - 40% - 16:42
2 - 31% - 30% - 16:49
3 - 27% - 20% - 14:31
4 - 10% - 10% - 5:31
Normal Defense
1 - 37% - 40% - 19:50
2 - 31% - 30% - 16:31
3 - 24% - 20% - 12:58
4 - 8% - 10% - 4:14
PP Forward
1 - 42% - 60% - 1:02
2 - 58% - 40% - 1:27
PP Defense
1 - 42% - 60% - 1:03
2 - 58% - 40% - 1:26
PK Forward
1 - 65% - 60% - 2:35
2 - 35% - 40% - 1:23
PK Defense
1 - 58% - 60% - 2:17
2 - 42% - 40% - 1:41
PK3 Forward
1 - 0% - 60%
2 - 0% - 40%
PK3 Defense
1 - 0% - 60%
2 - 0% - 40%
44 Forward
1 - 100% - 60% - 0:49
2 - 0% - 40% - 0:00
44 Defense
1 - 100% - 60% - 0:49
2 - 0% - 40% - 0:00
Last Minute Offensive  - 0:00
Last Minute Defensive  - 0:00
Total
Forward - 60:49
Defense - 60:49

Play by Play

1st period


0:01 of 1st period - Mike Sislo wins face-off versus Peter Holland in neutral zone.
0:12 of 1st period - Snap shot by Brock McGinn.
0:12 of 1st period - Stopped by Malcolm Subban without a rebound.
0:13 of 1st period - Michael Chaput wins face-off versus Brooks Laich in Texas Stars zone.
0:38 of 1st period - Markus Nutivaara is hit by Alex Schoenborn.
1:40 of 1st period - Slapshot by Brad Hunt.
1:40 of 1st period - Stopped by David Rittich without a rebound.
1:41 of 1st period - Michael Chaput wins face-off versus Brooks Laich in Rochester Americans zone.
1:41 of 1st period - Michael Chaput is hit by Michael Bournival.
1:49 of 1st period - Wrist shot by Seth Griffith.
1:49 of 1st period - Shot Misses the Net.
1:51 of 1st period - Wrist shot by Tyler Bertuzzi.
1:51 of 1st period - Shot Blocked by Adam Pelech.
1:53 of 1st period - Snap shot by Michael Chaput.
1:53 of 1st period - Stopped by Malcolm Subban with a rebound.
2:16 of 1st period - Keaton Thompson is hit by Brad Hunt and loses puck.
2:51 of 1st period - Snap shot by Tyler Bertuzzi.
2:51 of 1st period - Stopped by Malcolm Subban with a rebound.
2:53 of 1st period - Snap shot by Tyler Bertuzzi.
2:53 of 1st period - Stopped by Malcolm Subban with a rebound.
2:55 of 1st period - Slapshot by Markus Nutivaara.
2:55 of 1st period - Shot Blocked by Adam Pelech.
2:57 of 1st period - Snap shot by Michael Chaput.
2:57 of 1st period - Stopped by Malcolm Subban with a rebound.
2:59 of 1st period - Snap shot by Michael Chaput.
2:59 of 1st period - Stopped by Malcolm Subban with a rebound.
3:25 of 1st period - Wrist shot by Tyler Bertuzzi.
3:25 of 1st period - Shot Misses the Net.
3:27 of 1st period - Wrist shot by Tyler Bertuzzi.
3:27 of 1st period - Stopped by Malcolm Subban with a rebound.
3:29 of 1st period - Wrist shot by Tyler Bertuzzi.
3:29 of 1st period - Stopped by Malcolm Subban with a rebound.
3:31 of 1st period - Snap shot by Steven Kampfer.
3:31 of 1st period - Stopped by Malcolm Subban without a rebound.
3:32 of 1st period - Jiri Hudler wins face-off versus Peter Holland in Texas Stars zone.
3:43 of 1st period - Snap shot by Phil Varone.
3:43 of 1st period - Shot Misses the Net.
4:10 of 1st period - Snap shot by Joseph Cramarossa.
4:10 of 1st period - Stopped by David Rittich without a rebound.
4:11 of 1st period - Adam Tambellini wins face-off versus Garnet Hathaway in Rochester Americans zone.
5:02 of 1st period - Snap shot by Danick Martel.
5:02 of 1st period - Stopped by David Rittich without a rebound.
5:03 of 1st period - Peter Holland wins face-off versus Garnet Hathaway in Rochester Americans zone.
5:14 of 1st period - Backhand shot by Peter Holland.
5:14 of 1st period - Stopped by Malcolm Subban without a rebound.
5:15 of 1st period - Jiri Hudler wins face-off versus Luke Kunin in Texas Stars zone.
5:42 of 1st period - Tobias Lindberg is hit by Steven Kampfer and loses puck.
6:01 of 1st period - Wrist shot by Danick Martel.
6:01 of 1st period - Shot Misses the Net.
6:03 of 1st period - Slapshot by Adam Pelech.
6:03 of 1st period - Shot Blocked by Philip Samuelsson.
6:05 of 1st period - Slapshot by Brad Hunt.
6:05 of 1st period - Stopped by David Rittich without a rebound.
6:06 of 1st period - Jiri Hudler wins face-off versus Peter Holland in Rochester Americans zone.
6:09 of 1st period - Wrist shot by Jiri Hudler.
6:09 of 1st period - Stopped by David Rittich without a rebound.
6:10 of 1st period - Jiri Hudler wins face-off versus Peter Holland in Rochester Americans zone.
6:17 of 1st period - Philip Samuelsson is hit by Mike Sislo and loses puck.
6:40 of 1st period - Slapshot by Joseph Cramarossa.
6:40 of 1st period - Stopped by David Rittich without a rebound.
6:41 of 1st period - Luke Kunin wins face-off versus Garnet Hathaway in Rochester Americans zone.
6:50 of 1st period - Slapshot by Luke Kunin.
6:50 of 1st period - Stopped by Malcolm Subban with a rebound.
6:52 of 1st period - Wrist shot by Luke Kunin.
6:52 of 1st period - Shot Misses the Net.
6:54 of 1st period - Snap shot by Steven Kampfer.
6:54 of 1st period - Shot Blocked by Adam Pelech.
7:06 of 1st period - Joseph Cramarossa is hit by Brett Lernout and loses puck.
7:15 of 1st period - Wrist shot by Adam Tambellini.
7:15 of 1st period - Shot Misses the Net.
7:17 of 1st period - Wrist shot by Brock McGinn.
7:17 of 1st period - Shot Misses the Net.
7:59 of 1st period - Wrist shot by Brooks Laich.
7:59 of 1st period - Stopped by David Rittich without a rebound.
8:00 of 1st period - Luke Kunin wins face-off versus Jiri Hudler in Rochester Americans zone.
8:15 of 1st period - Snap shot by Jiri Hudler.
8:15 of 1st period - Stopped by David Rittich with a rebound.
8:27 of 1st period - Icing by Brooks Laich.
8:28 of 1st period - Peter Holland wins face-off versus Brooks Laich in Texas Stars zone.
9:17 of 1st period - Wrist shot by Joseph Cramarossa.
9:17 of 1st period - Shot Misses the Net.
9:33 of 1st period - Brett Lernout is hit by Alex Schoenborn.
10:32 of 1st period - Off-side.
10:33 of 1st period - Michael Chaput wins face-off versus Michael Dal Colle in neutral zone.
10:40 of 1st period - Brooks Laich is hit by Seth Griffith.
11:05 of 1st period - Wrist shot by Garnet Hathaway.
11:05 of 1st period - Stopped by David Rittich with a rebound.
11:07 of 1st period - Snap shot by Garnet Hathaway.
11:07 of 1st period - Stopped by David Rittich without a rebound.
11:08 of 1st period - Phil Varone wins face-off versus Luke Kunin in Rochester Americans zone.
11:13 of 1st period - Wrist shot by Jiri Hudler.
11:13 of 1st period - Stopped by David Rittich with a rebound.
11:21 of 1st period - Snap shot by Phil Varone.
11:21 of 1st period - Shot Blocked by Keaton Thompson.
11:41 of 1st period - Slapshot by Brad Hunt.
11:41 of 1st period - Stopped by David Rittich with a rebound.
11:57 of 1st period - Brett Lernout is hit by Tobias Lindberg and loses puck.
12:13 of 1st period - Icing by Adam Pelech.
12:14 of 1st period - Danick Martel wins face-off versus Luke Kunin in Texas Stars zone.
13:22 of 1st period - Garnet Hathaway is hit by Brock McGinn and loses puck.
13:42 of 1st period - Backhand shot by Steven Kampfer.
13:42 of 1st period - Shot Misses the Net.
15:34 of 1st period - Off-side.
15:35 of 1st period - Danick Martel wins face-off versus Peter Holland in neutral zone.
15:54 of 1st period - Slapshot by Anton Blidh.
15:54 of 1st period - Shot Blocked by Luke Johnson.
16:06 of 1st period - Wrist shot by Alex Schoenborn.
16:06 of 1st period - Shot Blocked by Dominik Masin.
16:08 of 1st period - Slapshot by Damir Sharipzianov.
16:08 of 1st period - Stopped by David Rittich with a rebound.
16:10 of 1st period - Wrist shot by Damir Sharipzianov.
16:10 of 1st period - Stopped by David Rittich without a rebound.
16:11 of 1st period - Jiri Hudler wins face-off versus Michael Chaput in Rochester Americans zone.
17:01 of 1st period - Wrist shot by Austin Carroll.
17:01 of 1st period - Deflect By Joseph Cramarossa.
17:01 of 1st period - Stopped by Malcolm Subban without a rebound.
17:02 of 1st period - Michael Chaput wins face-off versus Garnet Hathaway in Texas Stars zone.
17:05 of 1st period - Slapshot by Seth Griffith.
17:05 of 1st period - Shot Misses the Net.
17:27 of 1st period - Adam Pelech is hit by Brock McGinn.
17:31 of 1st period - Snap shot by Garnet Hathaway.
17:31 of 1st period - Stopped by David Rittich with a rebound.
17:33 of 1st period - Snap shot by Joseph Cramarossa.
17:33 of 1st period - Shot Blocked by Philip Samuelsson.
17:35 of 1st period - Snap shot by Joseph Cramarossa.
17:35 of 1st period - Shot Misses the Net.
17:37 of 1st period - Slapshot by Garnet Hathaway.
17:37 of 1st period - Deflect By Joseph Cramarossa.
17:37 of 1st period - Shot Misses the Net.
17:37 of 1st period - Puck is out of play.
17:38 of 1st period - Michael Chaput wins face-off versus Jiri Hudler in Rochester Americans zone.
17:43 of 1st period - Mike Sislo is hit by Brett Lernout and loses puck.
18:55 of 1st period - Snap shot by Phil Varone.
18:55 of 1st period - Goal by Phil Varone - Texas Stars : 1 - Rochester Americans : 0.
18:56 of 1st period - Peter Holland wins face-off versus Brooks Laich in neutral zone.
19:08 of 1st period - Snap shot by Peter Holland.
19:08 of 1st period - Stopped by Malcolm Subban with a rebound.
19:10 of 1st period - Snap shot by Andreas Martinsen.
19:10 of 1st period - Deflect By Brock McGinn.
19:10 of 1st period - Stopped by Malcolm Subban without a rebound.
19:11 of 1st period - Peter Holland wins face-off versus Garnet Hathaway in Texas Stars zone.
19:14 of 1st period - Wrist shot by Peter Holland.
19:14 of 1st period - Shot Misses the Net.
19:34 of 1st period - Keaton Thompson is hit by Brooks Laich and loses puck.
Goals for this period are 1 for Texas Stars vs 0 for Rochester Americans.
Shots for this period are 16 for Texas Stars vs 14 for Rochester Americans.

2nd period


0:01 of 2nd period - Jiri Hudler wins face-off versus Peter Holland in neutral zone.
0:16 of 2nd period - Wrist shot by Jiri Hudler.
0:16 of 2nd period - Shot Misses the Net.
0:30 of 2nd period - Slapshot by Garnet Hathaway.
0:30 of 2nd period - Shot Misses the Net.
0:45 of 2nd period - Icing by Brett Lernout.
0:46 of 2nd period - Peter Holland wins face-off versus Brooks Laich in Rochester Americans zone.
0:46 of 2nd period - Peter Holland is hit by Michael Bournival.
1:11 of 2nd period - Slapshot by Seth Griffith.
1:11 of 2nd period - Stopped by Malcolm Subban without a rebound.
1:12 of 2nd period - Luke Kunin wins face-off versus Jiri Hudler in Texas Stars zone.
1:46 of 2nd period - Michael Bournival is hit by Keaton Thompson and loses puck.
2:07 of 2nd period - Damir Sharipzianov is hit by Andreas Martinsen and loses puck.
2:35 of 2nd period - Wrist shot by Brock McGinn.
2:35 of 2nd period - Stopped by Malcolm Subban with a rebound.
3:14 of 2nd period - Wrist shot by Anton Blidh.
3:14 of 2nd period - Deflect By Luke Kunin.
3:14 of 2nd period - Stopped by Malcolm Subban without a rebound.
3:15 of 2nd period - Brooks Laich wins face-off versus Luke Kunin in Texas Stars zone.
3:20 of 2nd period - Snap shot by Anton Blidh.
3:20 of 2nd period - Shot Misses the Net.
3:22 of 2nd period - Wrist shot by Luke Kunin.
3:22 of 2nd period - Stopped by Malcolm Subban with a rebound.
3:24 of 2nd period - Snap shot by Brett Lernout.
3:24 of 2nd period - Goal by Brett Lernout - Texas Stars : 1 - Rochester Americans : 1.
3:25 of 2nd period - Peter Holland wins face-off versus Jiri Hudler in neutral zone.
3:38 of 2nd period - Slapshot by Brad Hunt.
3:38 of 2nd period - Shot Misses the Net.
3:40 of 2nd period - Snap shot by Mike Sislo.
3:40 of 2nd period - Shot Blocked by Brett Lernout.
4:09 of 2nd period - Minor Penalty to Luke Witkowski for High sticking.
4:10 of 2nd period - Peter Holland wins face-off versus Jiri Hudler in Texas Stars zone.
4:23 of 2nd period - Snap shot by Peter Holland.
4:23 of 2nd period - Shot Misses the Net.
4:25 of 2nd period - Snap shot by Philip Samuelsson.
4:25 of 2nd period - Stopped by Malcolm Subban with a rebound.
4:37 of 2nd period - Snap shot by Seth Griffith.
4:37 of 2nd period - Shot Misses the Net.
4:39 of 2nd period - Snap shot by Tyler Bertuzzi.
4:39 of 2nd period - Goal by Tyler Bertuzzi - Texas Stars : 1 - Rochester Americans : 2.
4:40 of 2nd period - Peter Holland wins face-off versus Jiri Hudler in neutral zone.
5:07 of 2nd period - Steven Kampfer is hit by Adam Pelech and loses puck.
5:29 of 2nd period - Minor Penalty to Brett Lernout for Tripping.
5:30 of 2nd period - Brock McGinn wins face-off versus Phil Varone in Rochester Americans zone.
5:40 of 2nd period - Snap shot by Peter Holland.
5:40 of 2nd period - Stopped by Malcolm Subban with a rebound.
5:42 of 2nd period - Slapshot by Markus Nutivaara.
5:42 of 2nd period - Shot Blocked by Jiri Hudler.
6:37 of 2nd period - Wrist shot by Brooks Laich.
6:37 of 2nd period - Stopped by David Rittich without a rebound.
6:38 of 2nd period - Brooks Laich wins face-off versus Brock McGinn in Rochester Americans zone.
6:45 of 2nd period - Wrist shot by Michael Bournival.
6:45 of 2nd period - Shot Blocked by Philip Samuelsson.
7:14 of 2nd period - Mike Sislo is hit by Andreas Martinsen and loses puck.
7:29 of 2nd period - Penalty to Brett Lernout is over, Brett Lernout is back on ice.
7:39 of 2nd period - Slapshot by Joseph Cramarossa.
7:39 of 2nd period - Stopped by David Rittich without a rebound.
7:40 of 2nd period - Garnet Hathaway wins face-off versus Michael Chaput in Rochester Americans zone.
9:15 of 2nd period - Tobias Lindberg is hit by Brock McGinn and loses puck.
10:39 of 2nd period - Brett Lernout is hit by Garnet Hathaway and loses puck.
10:43 of 2nd period - Icing by Michael Chaput.
10:44 of 2nd period - Michael Chaput wins face-off versus Garnet Hathaway in Rochester Americans zone.
10:44 of 2nd period - Michael Chaput is hit by Damir Sharipzianov.
10:55 of 2nd period - Tyler Bertuzzi is hit by Damir Sharipzianov and loses puck.
11:20 of 2nd period - Slapshot by Tyler Bertuzzi.
11:20 of 2nd period - Stopped by Malcolm Subban with a rebound.
11:22 of 2nd period - Wrist shot by Brett Lernout.
11:22 of 2nd period - Shot Misses the Net.
11:24 of 2nd period - Slapshot by Brett Lernout.
11:24 of 2nd period - Stopped by Malcolm Subban with a rebound.
11:38 of 2nd period - Wrist shot by Andreas Martinsen.
11:38 of 2nd period - Stopped by Malcolm Subban without a rebound.
11:39 of 2nd period - Garnet Hathaway wins face-off versus Peter Holland in Texas Stars zone.
12:32 of 2nd period - Snap shot by Michael Dal Colle.
12:32 of 2nd period - Shot Blocked by Brock McGinn.
12:42 of 2nd period - Alex Schoenborn is hit by Philip Samuelsson and loses puck.
14:21 of 2nd period - Snap shot by Michael Bournival.
14:21 of 2nd period - Goal by Michael Bournival - Texas Stars : 2 - Rochester Americans : 2.
14:22 of 2nd period - Peter Holland wins face-off versus Brooks Laich in neutral zone.
14:27 of 2nd period - Snap shot by Andreas Martinsen.
14:27 of 2nd period - Stopped by Malcolm Subban with a rebound.
14:33 of 2nd period - Slapshot by Peter Holland.
14:33 of 2nd period - Shot Blocked by Brooks Laich.
14:35 of 2nd period - Snap shot by Andreas Martinsen.
14:35 of 2nd period - Shot Misses the Net.
14:37 of 2nd period - Slapshot by Steven Kampfer.
14:37 of 2nd period - Shot Blocked by Michael Dal Colle.
14:47 of 2nd period - Adam Pelech is hit by Brett Lernout and loses puck.
15:06 of 2nd period - Slapshot by Brad Hunt.
15:06 of 2nd period - Shot Blocked by Anton Blidh.
15:08 of 2nd period - Slapshot by Brad Hunt.
15:08 of 2nd period - Stopped by David Rittich with a rebound.
15:10 of 2nd period - Snap shot by Adam Pelech.
15:10 of 2nd period - Shot Blocked by Philip Samuelsson.
15:12 of 2nd period - Wrist shot by Brooks Laich.
15:12 of 2nd period - Deflect By Michael Dal Colle.
15:12 of 2nd period - Shot Hit the Post.
15:12 of 2nd period - Puck is out of play.
15:13 of 2nd period - Peter Holland wins face-off versus Jiri Hudler in Rochester Americans zone.
15:18 of 2nd period - Wrist shot by Peter Holland.
15:18 of 2nd period - Stopped by Malcolm Subban without a rebound.
15:19 of 2nd period - Peter Holland wins face-off versus Jiri Hudler in Texas Stars zone.
15:20 of 2nd period - Snap shot by Brock McGinn.
15:20 of 2nd period - Deflect By Mike Sislo.
15:20 of 2nd period - Shot Blocked by Phil Varone.
15:20 of 2nd period - Puck is out of play.
15:21 of 2nd period - Peter Holland wins face-off versus Jiri Hudler in Texas Stars zone.
15:22 of 2nd period - Slapshot by Andreas Martinsen.
15:22 of 2nd period - Deflect By Peter Holland.
15:22 of 2nd period - Shot Misses the Net.
15:22 of 2nd period - Puck is out of play.
15:23 of 2nd period - Peter Holland wins face-off versus Jiri Hudler in Texas Stars zone.
15:26 of 2nd period - Slapshot by Andreas Martinsen.
15:26 of 2nd period - Stopped by Malcolm Subban without a rebound.
15:27 of 2nd period - Jiri Hudler wins face-off versus Peter Holland in Texas Stars zone.
15:27 of 2nd period - Jiri Hudler is hit by Steven Kampfer.
16:33 of 2nd period - Markus Nutivaara is hit by Ryan Murphy and loses puck.
16:42 of 2nd period - Slapshot by Jiri Hudler.
16:42 of 2nd period - Stopped by David Rittich with a rebound.
17:18 of 2nd period - Peter Holland is hit by Mike Sislo.
17:34 of 2nd period - Wrist shot by Joseph Cramarossa.
17:34 of 2nd period - Deflect By Garnet Hathaway.
17:34 of 2nd period - Shot Misses the Net.
17:34 of 2nd period - Puck is out of play.
17:35 of 2nd period - Garnet Hathaway wins face-off versus Michael Chaput in Rochester Americans zone.
17:36 of 2nd period - Slapshot by Joseph Cramarossa.
17:36 of 2nd period - Shot Misses the Net.
18:22 of 2nd period - Backhand shot by Joseph Cramarossa.
18:22 of 2nd period - Stopped by David Rittich with a rebound.
18:32 of 2nd period - Snap shot by Garnet Hathaway.
18:32 of 2nd period - Shot Misses the Net.
18:34 of 2nd period - Slapshot by Joseph Cramarossa.
18:34 of 2nd period - Stopped by David Rittich without a rebound.
18:35 of 2nd period - Peter Holland wins face-off versus Mike Sislo in Rochester Americans zone.
18:40 of 2nd period - Damir Sharipzianov is hit by Peter Holland and loses puck.
19:07 of 2nd period - Snap shot by Michael Bournival.
19:07 of 2nd period - Stopped by David Rittich with a rebound.
19:44 of 2nd period - Slapshot by Anton Blidh.
19:44 of 2nd period - Stopped by Malcolm Subban without a rebound.
19:45 of 2nd period - Luke Kunin wins face-off versus Luke Johnson in Texas Stars zone.
Goals for this period are 1 for Texas Stars vs 2 for Rochester Americans.
Shots for this period are 8 for Texas Stars vs 15 for Rochester Americans.

3rd period


0:01 of 3rd period - Peter Holland wins face-off versus Jiri Hudler in neutral zone.
0:26 of 3rd period - Michael Dal Colle is hit by Seth Griffith and loses puck.
0:37 of 3rd period - Backhand shot by Tyler Bertuzzi.
0:37 of 3rd period - Shot Blocked by Brad Hunt.
0:55 of 3rd period - Markus Nutivaara is hit by Ryan Murphy and loses puck.
1:24 of 3rd period - Snap shot by Joseph Cramarossa.
1:24 of 3rd period - Stopped by David Rittich without a rebound.
1:25 of 3rd period - Brooks Laich wins face-off versus Michael Chaput in Rochester Americans zone.
1:32 of 3rd period - Wrist shot by Michael Bournival.
1:32 of 3rd period - Stopped by David Rittich without a rebound.
1:33 of 3rd period - Michael Chaput wins face-off versus Brooks Laich in Rochester Americans zone.
1:44 of 3rd period - Snap shot by Tyler Bertuzzi.
1:44 of 3rd period - Shot Blocked by Damir Sharipzianov.
2:31 of 3rd period - Wrist shot by Joseph Cramarossa.
2:31 of 3rd period - Shot Misses the Net.
2:33 of 3rd period - Slapshot by Damir Sharipzianov.
2:33 of 3rd period - Shot Blocked by Austin Carroll.
3:31 of 3rd period - Off-side.
3:32 of 3rd period - Jiri Hudler wins face-off versus Luke Kunin in neutral zone.
3:35 of 3rd period - Steven Kampfer is hit by Mike Sislo and loses puck.
3:52 of 3rd period - Brett Lernout is hit by Brooks Laich and loses puck.
4:25 of 3rd period - Wrist shot by Brooks Laich.
4:25 of 3rd period - Shot Blocked by Austin Carroll.
4:27 of 3rd period - Wrist shot by Brooks Laich.
4:27 of 3rd period - Shot Blocked by Keaton Thompson.
4:29 of 3rd period - Snap shot by Brooks Laich.
4:29 of 3rd period - Stopped by David Rittich without a rebound.
4:30 of 3rd period - Jiri Hudler wins face-off versus Luke Kunin in Rochester Americans zone.
4:35 of 3rd period - Slapshot by Phil Varone.
4:35 of 3rd period - Stopped by David Rittich with a rebound.
4:37 of 3rd period - Wrist shot by Jiri Hudler.
4:37 of 3rd period - Stopped by David Rittich with a rebound.
4:39 of 3rd period - Slapshot by Phil Varone.
4:39 of 3rd period - Stopped by David Rittich without a rebound.
4:40 of 3rd period - Jiri Hudler wins face-off versus Peter Holland in Rochester Americans zone.
4:49 of 3rd period - Wrist shot by Jiri Hudler.
4:49 of 3rd period - Shot Misses the Net.
4:51 of 3rd period - Wrist shot by Phil Varone.
4:51 of 3rd period - Stopped by David Rittich without a rebound.
4:52 of 3rd period - Brock McGinn wins face-off versus Jiri Hudler in Rochester Americans zone.
5:21 of 3rd period - Icing by Steven Kampfer.
5:22 of 3rd period - Peter Holland wins face-off versus Garnet Hathaway in Rochester Americans zone.
5:33 of 3rd period - Wrist shot by Brock McGinn.
5:33 of 3rd period - Stopped by Malcolm Subban without a rebound.
5:34 of 3rd period - Jiri Hudler wins face-off versus Michael Chaput in Texas Stars zone.
5:51 of 3rd period - Steven Kampfer is hit by Mike Sislo and loses puck.
6:24 of 3rd period - Garnet Hathaway is hit by Peter Holland and loses puck.
6:33 of 3rd period - Snap shot by Brock McGinn.
6:33 of 3rd period - Stopped by Malcolm Subban with a rebound.
6:35 of 3rd period - Snap shot by Andreas Martinsen.
6:35 of 3rd period - Shot Misses the Net.
7:34 of 3rd period - Snap shot by Jiri Hudler.
7:34 of 3rd period - Shot Misses the Net.
8:23 of 3rd period - Off-side.
8:24 of 3rd period - Jiri Hudler wins face-off versus Luke Kunin in neutral zone.
8:45 of 3rd period - Snap shot by Brooks Laich.
8:45 of 3rd period - Stopped by David Rittich with a rebound.
8:51 of 3rd period - Damir Sharipzianov is hit by Michael Chaput and loses puck.
9:12 of 3rd period - Wrist shot by Peter Holland.
9:12 of 3rd period - Shot Misses the Net.
9:22 of 3rd period - Wrist shot by Anton Blidh.
9:22 of 3rd period - Deflect By Luke Kunin.
9:22 of 3rd period - Shot Misses the Net.
9:22 of 3rd period - Puck is out of play.
9:23 of 3rd period - Luke Kunin wins face-off versus Jiri Hudler in Texas Stars zone.
9:26 of 3rd period - Slapshot by Anton Blidh.
9:26 of 3rd period - Deflect By Luke Kunin.
9:26 of 3rd period - Stopped by Malcolm Subban without a rebound.
9:27 of 3rd period - Peter Holland wins face-off versus Mike Sislo in Texas Stars zone.
9:48 of 3rd period - Minor Penalty to Mike Sislo for Hooking.
9:49 of 3rd period - Peter Holland wins face-off versus Jiri Hudler in Texas Stars zone.
10:26 of 3rd period - Adam Pelech is hit by Tyler Bertuzzi and loses puck.
11:39 of 3rd period - Wrist shot by Andreas Martinsen.
11:39 of 3rd period - Shot Blocked by Brooks Laich.
11:48 of 3rd period - Penalty to Mike Sislo is over, Mike Sislo is back on ice.
12:05 of 3rd period - Wrist shot by Mike Sislo.
12:05 of 3rd period - Stopped by David Rittich without a rebound.
12:06 of 3rd period - Adam Tambellini wins face-off versus Garnet Hathaway in Rochester Americans zone.
12:34 of 3rd period - Slapshot by Steven Kampfer.
12:34 of 3rd period - Stopped by Malcolm Subban with a rebound.
12:48 of 3rd period - Brooks Laich is hit by Brock McGinn.
13:06 of 3rd period - Brooks Laich is hit by Austin Carroll.
13:10 of 3rd period - Austin Carroll is hit by Luke Witkowski and loses puck.
13:27 of 3rd period - Snap shot by Michael Bournival.
13:27 of 3rd period - Shot Misses the Net.
13:29 of 3rd period - Slapshot by Michael Bournival.
13:29 of 3rd period - Stopped by David Rittich without a rebound.
13:30 of 3rd period - Michael Chaput wins face-off versus Mike Sislo in Rochester Americans zone.
13:35 of 3rd period - Wrist shot by Michael Chaput.
13:35 of 3rd period - Deflect By Tyler Bertuzzi.
13:35 of 3rd period - Deflect By Adam Pelech.
13:35 of 3rd period - Stopped by Malcolm Subban without a rebound.
13:36 of 3rd period - Michael Chaput wins face-off versus Jiri Hudler in Texas Stars zone.
13:47 of 3rd period - Snap shot by Jiri Hudler.
13:47 of 3rd period - Stopped by David Rittich with a rebound.
13:49 of 3rd period - Slapshot by Adam Pelech.
13:49 of 3rd period - Shot Misses the Net.
13:51 of 3rd period - Slapshot by Adam Pelech.
13:51 of 3rd period - Shot Misses the Net.
14:09 of 3rd period - Tobias Lindberg is hit by Peter Holland.
14:15 of 3rd period - Andreas Martinsen is hit by Tobias Lindberg and loses puck.
15:17 of 3rd period - Jacob Graves is hit by Seth Griffith and loses puck.
15:24 of 3rd period - Michael Dal Colle is hit by Tyler Bertuzzi and loses puck.
15:56 of 3rd period - Keaton Thompson is hit by Adam Pelech and loses puck.
16:34 of 3rd period - Minor Penalty to Keaton Thompson for Slashing.
16:35 of 3rd period - Brock McGinn wins face-off versus Jiri Hudler in Rochester Americans zone.
17:08 of 3rd period - Off-side.
17:09 of 3rd period - Jiri Hudler wins face-off versus Michael Chaput in neutral zone.
17:33 of 3rd period - Andreas Martinsen is hit by Ryan Murphy and loses puck.
18:34 of 3rd period - Penalty to Keaton Thompson is over, Keaton Thompson is back on ice.
18:58 of 3rd period - Slapshot by Seth Griffith.
18:58 of 3rd period - Stopped by Malcolm Subban with a rebound.
19:21 of 3rd period - Damir Sharipzianov is hit by Philip Samuelsson and loses puck.
19:49 of 3rd period - Wrist shot by Peter Holland.
19:49 of 3rd period - Stopped by Malcolm Subban with a rebound.
19:51 of 3rd period - Snap shot by Adam Tambellini.
19:51 of 3rd period - Stopped by Malcolm Subban with a rebound.
Goals for this period are 0 for Texas Stars vs 0 for Rochester Americans.
Shots for this period are 11 for Texas Stars vs 8 for Rochester Americans.

Overtime #1


0:01 of 1st overtime period - Jiri Hudler wins face-off versus Brock McGinn in neutral zone.
0:08 of 1st overtime period - Snap shot by Jiri Hudler.
0:08 of 1st overtime period - Stopped by David Rittich without a rebound.
0:09 of 1st overtime period - Jiri Hudler wins face-off versus Brock McGinn in Rochester Americans zone.
0:16 of 1st overtime period - Peter Holland is hit by Phil Varone.
0:38 of 1st overtime period - Adam Pelech is hit by Steven Kampfer and loses puck.
0:47 of 1st overtime period - Wrist shot by Jiri Hudler.
0:47 of 1st overtime period - Shot Blocked by Peter Holland.
0:49 of 1st overtime period - Slapshot by Jiri Hudler.
0:49 of 1st overtime period - Goal by Jiri Hudler - Texas Stars : 3 - Rochester Americans : 2.
Goals for this period are 1 for Texas Stars vs 0 for Rochester Americans.
Shots for this period are 2 for Texas Stars vs 0 for Rochester Americans.